 Dungeon Crawl Stone Soup version 0.26.1-11-gd32895ea62 (webtiles) character file.

Game seed: 7879845972716328921

93 leafyfresh the Magician (level 4, 0/32 HPs)
             Began as a Gnoll Hedge Wizard on June 13, 2021.
             Slain by Grinder (9 damage)
             ... on level 3 of the Dungeon.
             The game lasted 00:07:30 (2954 turns).

leafyfresh the Magician (Gnoll Hedge Wizard)        Turns: 2954, Time: 00:07:32

Health: 0/32       AC:  3    Str: 12    XL:     4   Next: 61%
Magic:  11/22      EV: 11    Int: 17    God:
Gold:   67         SH:  0    Dex: 15    Spells: 9/17 levels left

rFire    + . .     SeeInvis .   l - +0 dagger (protect)
rCold    + . .     Faith    .   (no shield)
rNeg     . . .     Spirit   .   b - +0 robe
rPois    .         Reflect  .   c - +0 hat
rElec    .         Harm     .   r - scarf {rC+ rF+}
rCorr    .         Rampage  .   k - +0 pair of gloves
Will     .....                  (no boots)
Stlth    +++.......             (no amulet)
HPRegen  0.10/turn              h - ring of magical power
MPRegen  0.18/turn              m - -4 ring of evasion (curse)

@: no status effects
A: distributed training, fangs 1, strong nose
a: no special abilities


You were on level 3 of the Dungeon.
You visited 1 branch of the dungeon, and saw 3 of its levels.

You collected 67 gold pieces.

Inventory:

Hand Weapons
 a - a +0 dagger
 l - a +0 dagger of protection (weapon)
Missiles
 d - 79 stones
 e - 20 arrows
 f - 14 poisoned darts (quivered)
Armour
 b - a +0 robe (worn)
 c - a +0 hat (worn)
 k - a +0 pair of gloves (worn)
 r - a scarf of resistance (worn)
Jewellery
 h - a ring of magical power (left hand)
 m - a cursed -4 ring of evasion (right hand)
 n - an uncursed ring of ice {unknown}
 o - an uncursed ring of positive energy
Scrolls
 g - a scroll of identify
 j - a scroll of amnesia
 p - a scroll of immolation {unknown}
 q - a scroll of enchant armour {unknown}
 s - a scroll of teleportation
Potions
 i - a potion of attraction
 t - a potion of brilliance {unknown}


   Skills:
 + Level 1.2 Fighting
 + Level 1.2 Short Blades
 + Level 1.2 Long Blades
 + Level 1.2 Axes
 + Level 1.2 Maces & Flails
 + Level 1.2 Polearms
 + Level 1.2 Staves
 + Level 1.2 Slings
 + Level 1.2 Bows
 + Level 1.2 Crossbows
 + Level 1.2 Throwing
 + Level 1.2 Armour
 + Level 4.6 Dodging
 + Level 4.3 Stealth
 + Level 1.2 Shields
 + Level 1.2 Unarmed Combat
 + Level 7.2 Spellcasting
 + Level 2.2 Conjurations
 + Level 1.0 Hexes
 + Level 2.2 Summonings
 + Level 1.0 Necromancy
 + Level 2.2 Translocations
 + Level 1.0 Transmutations
 + Level 1.0 Fire Magic
 + Level 1.0 Ice Magic
 + Level 1.0 Air Magic
 + Level 1.0 Earth Magic
 + Level 1.0 Poison Magic
 + Level 1.3 Invocations
 + Level 1.2 Evocations


You had 9 spell levels left.
You knew the following spells:

 Your Spells              Type           Power        Failure   Level
a - Magic Dart            Conj           52%          4%          1
b - Blink                 Tloc           N/A          7%          2
c - Mephitic Cloud        Conj/Pois/Air  10%          19%         3
d - Call Imp              Summ           13%          7%          2

Your spell library contained the following spells:

 Spells                   Type           Power        Failure   Level
 Slow                     Hex            9%           12%         2
 Conjure Flame            Conj/Fire      11%          17%         3


Dungeon Overview and Level Annotations

Branches:
Dungeon (3/15)

Altars:
Wu Jian

Annotations:
D:3 Grinder, Terence


Innate Abilities, Weirdness & Mutations

Your experience applies equally to all skills.
You have very sharp teeth.
Your uncanny sense of smell can sniff out nearby items.


Message History

The magic dart hits Grinder.
Grinder is heavily wounded.
Grinder closely misses you.
Casting: Magic Dart (safe; 4% risk of failure)
Confirm with . or Enter, or press ? or * to list all spells.
Aiming: Magic Dart (safe; 4% risk of failure)
Press: ? - help, Shift-Dir - straight line, f/p - Grinder
Aim: Grinder (heavily wounded, 0% to evade)
The magic dart hits Grinder.
Grinder is severely wounded.
Grinder closely misses you.
Casting: Magic Dart (safe; 4% risk of failure)
Confirm with . or Enter, or press ? or * to list all spells.
Aiming: Magic Dart (safe; 4% risk of failure)
Press: ? - help, Shift-Dir - straight line, f/p - Grinder
Aim: Grinder (severely wounded, 0% to evade)
The magic dart hits Grinder but does no damage.
Grinder is severely wounded.
Grinder hits you!
You die...

.... .+.....).#
....#########.#.......#
..............+..>.....
..........#'#+#........
.......................
......................
#..?...............
#.................. ∆
#<@5...............
#..........##+####.
#..........##.# #.
#.#####'#####.# . #.#
#.# #.# #<
#.#####'#####.# #.
#.##........#.# #.
..##........#.# #. ∆
#........#.# #.


You could see Grinder.

Vanquished Creatures
  4 adders (D:2)
  3 dart slugs (D:1)
  A leopard gecko (D:2)
  An orc (D:2)
  4 giant cockroaches
  6 goblins
  3 hobgoblins
  2 jackals (D:1)
  8 bats
  5 frilled lizards
  6 kobolds
  7 rats
50 creatures vanquished.

Notes
Turn   | Place    | Note
-------+----------+-------------------------------------------
     0 | D:1      | leafyfresh the Gnoll Hedge Wizard began the quest for the
                  | Orb.
     0 | D:1      | Reached XP level 1. HP: 13/13 MP: 8/8
   165 | D:1      | Reached XP level 2. HP: 8/19 MP: 0/10
   863 | D:1      | Reached XP level 3. HP: 12/25 MP: 0/11
  1167 | D:1      | Learned a level 2 spell: Blink
  1171 | D:1      | Learned a level 3 spell: Mephitic Cloud
  1174 | D:1      | Learned a level 2 spell: Call Imp
  1303 | D:2      | Reached skill level 1 in Invocations
  1371 | D:2      | HP: 1/25 [poisoned by an adder]
  1705 | D:2      | Reached skill level 1 in Fighting
  1705 | D:2      | Reached skill level 1 in Short Blades
  1705 | D:2      | Reached skill level 1 in Long Blades
  1705 | D:2      | Reached skill level 1 in Axes
  1705 | D:2      | Reached skill level 1 in Maces & Flails
  1705 | D:2      | Reached skill level 1 in Polearms
  1705 | D:2      | Reached skill level 1 in Staves
  1705 | D:2      | Reached skill level 1 in Slings
  1705 | D:2      | Reached skill level 1 in Bows
  1705 | D:2      | Reached skill level 1 in Crossbows
  1705 | D:2      | Reached skill level 1 in Throwing
  1705 | D:2      | Reached skill level 1 in Armour
  1705 | D:2      | Reached skill level 1 in Shields
  1705 | D:2      | Reached skill level 1 in Unarmed Combat
  1705 | D:2      | Reached skill level 1 in Evocations
  1705 | D:2      | Reached XP level 4. HP: 32/32 MP: 13/13
  2106 | D:2      | Reached skill level 1 in Hexes
  2106 | D:2      | Reached skill level 1 in Necromancy
  2106 | D:2      | Reached skill level 1 in Transmutations
  2106 | D:2      | Reached skill level 1 in Fire Magic
  2106 | D:2      | Reached skill level 1 in Ice Magic
  2106 | D:2      | Reached skill level 1 in Air Magic
  2106 | D:2      | Reached skill level 1 in Earth Magic
  2106 | D:2      | Reached skill level 1 in Poison Magic
  2375 | D:3      | Noticed Grinder
  2378 | D:3      | Noticed Terence
  2495 | D:3      | Found an ornate altar of the Wu Jian Council.
  2612 | D:3      | Paralysed by Grinder for 2 turns
  2954 | D:3      | Slain by Grinder

Illustrated notes

Levels and vault maps discovered:
D:1:      minmay_arrival_shattered_statue, layout_basic
D:2:      layout_basic, kennysheep_generic_room_12
D:3:      layout_basic, lemuel_doored_altar, portal_sewer_entry_c,
          minmay_bisected, uniq_terence, uniq_grinder

Skill      XL: |  1  2  3  4 |
---------------+-------------+-----
Conjurations   | 2 |  2.2
Summonings     | 2 |  2.2
Translocations | 2 |  2.2
Invocations    | 1 |  1.3
Fighting       | 1 |  1.2
Short Blades   | 1 |  1.2
Long Blades    | 1 |  1.2
Axes           | 1 |  1.2
Maces & Flails | 1 |  1.2
Polearms       | 1 |  1.2
Staves         | 1 |  1.2
Slings         | 1 |  1.2
Bows           | 1 |  1.2
Crossbows      | 1 |  1.2
Throwing       | 1 |  1.2
Armour         | 1 |  1.2
Shields        | 1 |  1.2
Unarmed Combat | 1 |  1.2
Evocations     | 1 |  1.2
Hexes          | 1 |  1.0
Necromancy     | 1 |  1.0
Transmutations | 1 |  1.0
Fire Magic     | 1 |  1.0
Ice Magic      | 1 |  1.0
Air Magic      | 1 |  1.0
Earth Magic    | 1 |  1.0
Poison Magic   | 1 |  1.0
Dodging        | |  4.6
Stealth        | |  4.3
Spellcasting   | |  7.2

Action                   |  1- 3 |  4- 6 || total
-------------------------+-------+-------++-------
Melee: Dagger            |    59 |    45 ||   104
       Bite              |     3 |     1 ||     4
       Punch             |       |     2 ||     2
Throw: Dart              |       |     3 ||     3
 Cast: Magic Dart        |    49 |    42 ||    91
       Blink             |     2 |     4 ||     6
       Mephitic Cloud    |     1 |       ||     1
  Use: Scroll            |       |     3 ||     3
 Stab: Sleeping          |     6 |     4 ||    10
Armor: Robe              |    21 |    27 ||    48
Dodge: Dodged            |    87 |    45 ||   132
